 Dungeon Crawl Stone Soup version 0.27-a0-1154-gfdeffcb720 (webtiles) character file.

Game seed: 6900624475559665212

45694 robertstho the Tortoise (level 14, -30/133 HPs)
             Began as a Minotaur Gladiator on May 14, 2021.
             Was an Initiate of Gozag.
             Annihilated by a salamander
             ... wielding a +2 glaive of flaming
              (34 damage)
             ... in a volcano.
             The game lasted 00:30:10 (20986 turns).

robertstho the Tortoise (Minotaur Gladiator)       Turns: 20986, Time: 00:30:10

Health: -30/133    AC: 22    Str: 23    XL:     14   Next: 2%
Magic:  13/13      EV: 13    Int:  7    God:    Gozag
Gold:   828        SH:  6    Dex: 16    Spells: 13/13 levels left

rFire    + . .     SeeInvis .   Q - +8 rapier of Calculation {vorpal, +Rage rC- rN+}
rCold    x . .     Faith    .   k - +0 buckler
rNeg     + . .     Spirit   .   I - +3 scale mail of Plasticity {Fly Int+2}
rPois    +         Reflect  .   i - +2 hat
rElec    .         Harm     .   H - scarf {+Inv}
rCorr    .         Rampage  .   u - +2 pair of gloves {Dex+3}
Will     +....                  c - +2 pair of boots
Stlth    +.........             (no amulet)
HPRegen  0.32/turn              f - ring of poison resistance
MPRegen  0.13/turn              L - ring of protection from fire

@: gold aura, flying, very slightly contaminated, invisible
A: horns 2, retaliatory headbutt
a: Renounce Religion, Evoke Berserk Rage, Evoke Invisibility, Potion Petition,
Call Merchant, Bribe Branch


You were in a volcano.
You worshipped Gozag.
Gozag was pleased with you.
You visited 2 branches of the dungeon, and saw 18 of its levels.
You also visited: Ossuary and Volcano.

You collected 4389 gold pieces.
You spent 1128 gold pieces at shops.
You paid 2433 gold pieces to Gozag.

Inventory:

Hand Weapons
 s - a +2 scimitar of protection
 K - a +3 scimitar of flaming
 O - the +4 long sword "Jyjupt" {vorpal, rF- rN+ rCorr Stlth+}
   (You found it on level 9 of the Dungeon)

   It inflicts extra damage upon your enemies.
   It makes you vulnerable to fire.
   It protects you from negative energy.
   It protects you from acid and corrosion.
   It makes you more stealthy.
 Q - the +8 rapier of Calculation (weapon) {vorpal, +Rage rC- rN+}
   (You found it on level 9 of the Dungeon)

   It inflicts extra damage upon your enemies.
   It makes you vulnerable to cold.
   It protects you from negative energy.
   It lets you go berserk.
Missiles
 D - 4 curare-tipped darts (quivered)
Armour
 c - a +2 pair of boots (worn)
 i - a +2 hat (worn)
 k - a +0 buckler (worn)
 n - a +0 plate armour of fire resistance
 u - a +2 pair of gloves of dexterity (worn)
 y - a scarf of resistance
 H - a scarf of invisibility (worn)
 I - the +3 scale mail of Plasticity (worn) {Fly Int+2}
   (You bought it in a shop on level 6 of the Dungeon)

   It affects your intelligence (+2).
   It grants you flight.
 N - a +1 chain mail of cold resistance
Jewellery
 b - a +6 ring of dexterity
 f - a ring of poison resistance (left hand)
 v - a ring of fire
 E - a ring of see invisible
 L - a ring of protection from fire (right hand)
 M - a ring of protection from cold
Wands
 d - a wand of charming (15)
 w - a wand of iceblast (9)
 x - a wand of acid (29)
 B - a wand of digging (5)
 G - a wand of mindburst (18)
 P - a wand of polymorph (9)
Scrolls
 a - 5 scrolls of identify
 e - 2 scrolls of enchant armour
 g - 2 scrolls of magic mapping
 h - 5 scrolls of teleportation
 j - 2 scrolls of fear
 m - 4 scrolls of enchant weapon
 t - 2 scrolls of immolation
 z - a scroll of holy word
 A - 2 scrolls of fog
Potions
 l - 2 potions of flight
 o - 3 potions of might
 q - 3 potions of lignification
 J - a potion of brilliance
Miscellaneous
 F - a tin of tremorstones (2/2)


   Skills:
 * Level 14.6 Fighting
 + Level 5.3(10.6) Short Blades
 + Level 14.9(15.2) Long Blades
 + Level 2.0 Throwing
 * Level 16.1 Armour
 + Level 5.8 Dodging
 + Level 2.4 Stealth
 + Level 6.4 Shields
 + Level 1.4 Evocations


You had 13 spell levels left.
You didn't know any spells.
Your spell library contained the following spells:

 Spells                   Type           Power      Damage    Failure   Level
 Beastly Appendage        Tmut           0%         N/A       65%         1
 Corona                   Hex            0%         N/A       65%         1
 Magic Dart               Conj           0%         1d3       65%         1
 Sting                    Tmut/Pois      0%         1d3       65%         1
 Blink                    Tloc           N/A        N/A       78%         2
 Call Imp                 Summ           0%         N/A       78%         2
 Ensorcelled Hibernation  Hex/Ice        0%         N/A       78%         2
 Poisonous Vapours        Pois/Air       0%         N/A       78%         2
 Slow                     Hex            0%         N/A       78%         2
 Confusing Touch          Hex            0%         N/A       95%         3
 Conjure Flame            Conj/Fire      0%         6-21      95%         3
 Dazzling Flash           Conj/Hex       0%         N/A       95%         3
 Ignite Poison            Fire/Tmut/Pois 0%         N/A       95%         3
 Mephitic Cloud           Conj/Pois/Air  0%         N/A       95%         3
 Tukima's Dance           Hex            0%         N/A       95%         3
 Olgreb's Toxic Radiance  Pois           0%         N/A       100%        4


Dungeon Overview and Level Annotations

Branches:
Dungeon (12/15)            Temple (0/1) D:6            Lair (6/6) D:9
 Spider (0/4) Lair:4        Slime (0/5) Lair:6          Orc (0/2) D:11
Ossuary (visited)         Volcano (1/1)
  Swamp: Lair:2-4    Shoals: Lair:2-4

Altars:
Ashenzari
Cheibriados
Dithmenos
Elyvilon
Gozag
Kikubaaqudgha
Makhleb
Qazlal
Sif Muna
Trog
Vehumet
Wu Jian
Xom
Yredelemnul
Zin

Shops:
D:4 (   D:6 [   D:9 [   D:12 *   Lair:1 (

Annotations:
D:4 Edmund
D:6 Armour shop
D:10 2 runed translucent doors, Atlas's ghost, journeyman DsIE
Lair:3 2 transporters, deadleaves's ghost, journeyman HuIE


Innate Abilities, Weirdness & Mutations

You have a pair of horns on your head.
You reflexively headbutt those who attack you in melee.


Message History

* * * LOW HITPOINT WARNING * * *
You fade into invisibility!
You block the wyvern's attack. You block the salamander's attack.
You are very lightly contaminated with residual magic.
You feel better. You block the wyvern's attack. The wyvern bites you.
* * * LOW HITPOINT WARNING * * *
The salamander drinks a potion.
The salamander goes berserk!
Unknown command.
As you read the scroll of fear, it crumbles to dust.
You assume a fearsome visage.
The wyvern looks frightened!
The salamander misses you.
Blink to where?
Press: ? - help, Dir - move target
As you read the scroll of blinking, it crumbles to dust.
Something hits the plant!!!
The plant begins to die.
The plant is engulfed in flames!
Something burns the plant!
The fire bat closely misses you. You furiously retaliate!
You headbutt the fire bat! You closely miss the fire bat.
Your headbutt misses the fire bat.
The fire bat is heavily wounded.
The fire bat bites you but does no damage.
You puncture the fire bat!
You kill the fire bat!
You see here 8 gold pieces.
You now have 828 gold pieces (gained 8).
The salamander hits you with a +2 glaive of flaming!
* * * LOW HITPOINT WARNING * * *
You are engulfed in flames!
You resist.
* * * LOW HITPOINT WARNING * * *
The salamander burns you.
* * * LOW HITPOINT WARNING * * *
Okay, then.
As you read the scroll of fear, it crumbles to dust.
You assume a fearsome visage.
The salamander resists with some effort.
The salamander misses you. You furiously retaliate!
You headbutt the salamander.
The salamander hits you with a +2 glaive of flaming!!
You die...
Your body crumbles into a pile of gold.

##≈ ≈≈≈≈≈≈≈ ##§≈ ○°≈°≈≈§♣♣ ≈§
##○≈≈ ≈§≈§§≈§♣♣ ♣♣♣≈≈§♣. ##≈§○≈
≈§≈≈§§≈♣♣♣♣♣♣≈§§§≈.. #§≈≈§≈
♣♣♣♣§§§§≈≈≈○≈≈≈°≈....
≈≈≈≈§≈♣♣♣♣♣P.♣♣≈§§≈≈○≈≈≈≈≈≈♣...♣
°§§§§♣.P[♣...P..≈♣§≈≈≈≈°≈≈§♣.♣..♣
≈≈§≈P.....P♣...♣P♣♣§≈≈≈≈§≈§♣ ....
≈≈§♣.P.♣......P.@N♣.P♣≈≈≈≈♣♣♣♣ ..
≈≈≈PP.P.P.♣♣♣..P♣.....P.♣♣♣.P♣♣ ♣
≈≈P...♣..PP§§≈§≈♣P.....♣..)...♣♣♣
≈≈PP.....P≈§§≈§§≈≈§.P..♣.)).♣N..♣
≈≈P.P...P§§§°§≈§≈§§≈§♣......PP...
○§≈P.♣.§P≈§≈§♣♣♣♣≈§≈§§≈........♣.
§≈§♣.).♣♣≈≈§♣♣.P♣♣♣♣≈≈≈≈≈.♣......
§§≈♣))♣♣♣♣♣♣♣.P....♣♣♣♣≈≈≈≈≈P♣§P§
§§≈♣♣....♣PP....P♣..♣P♣≈≈≈≈≈§§≈§§


You could see a salamander (berserk).

Vanquished Creatures
  Gastronok (Lair:2)
  Snorg (Lair:4)
  Erica (D:8)
  2 hydras
  A catoblepas (Lair:6)
  9 two-headed ogres
  Sonja (Lair:2)
  Pikel (D:8)
  A lindwurm (Lair:4)
  2 manticores (D:12)
  2 cyclopes (D:12)
  An ugly thing (D:12)
  Maurice (D:8)
  2 salamanders (Volcano)
  4 elephants (D:9)
  3 black mambas
  Maggie (D:7)
  A gargoyle (D:11)
  8 cane toads
  A kobold demonologist (D:9)
  9 komodo dragons
  2 unseen horrors
  5 rime drakes
  2 trolls
  A freezing wraith (D:12)
  12 hornets (D:9)
  17 blink frogs
  A slime creature (D:10)
  Sigmund (D:3)
  A wraith (D:11)
  6 fire bats
  2 shadows
  2 basilisks
  11 yaks
  8 wyverns
  2 fire elementals (Lair:1)
  5 steam dragons
  8 vampire mosquitoes
  An acid dragon (D:10)
  10 water moccasins
  Duvessa (D:5)
  3 orc warriors
  2 black bears
  A sky beast (D:8)
  A necrophage (D:5)
  6 ogres
  15 wolves
  The ghost of dickylongcocking the Magician, an amateur DjFE (D:3)
  7 centaurs
  2 kobold brigands
  A lemure (D:8)
  14 bullfrogs
  3 elf zombies
  A scorpion (D:5)
  Dowan (D:5)
  A water moccasin zombie (D:5)
  3 elf skeletons (D:4)
  9 killer bees
  An electric eel (Lair:4)
  5 centaur zombies
  3 howler monkeys (D:7)
  A bullfrog zombie (D:5)
  3 orc priests
  3 hounds (D:5)
  A centaur skeleton (D:6)
  3 gnoll shamans
  4 iguanas
  2 human skeletons (D:4)
  Natasha (thrice) (D:4)
  9 orc wizards
  A hound zombie (Ossuary)
  A hound skeleton (D:4)
  3 mummies (Ossuary)
  14 gnolls
  6 adders
  A shadow imp (D:5)
  2 white imps (D:6)
  2 ufetubi
  4 adder zombies (Ossuary)
  8 worms
  30 orcs
  5 ball pythons
  7 endoplasms
  A giant cockroach (D:3)
  2 gnoll zombies (Ossuary)
  5 hobgoblins
  14 jackals
  17 kobolds
  A quokka (D:2)
  9 bats
  2 frilled lizards
  5 goblins
  3 goblin zombies (Ossuary)
  2 hobgoblin zombies (Ossuary)
  5 jackal zombies
  7 kobold zombies (Ossuary)
  3 orc zombies (Ossuary)
  6 quokka zombies (Ossuary)
  7 rats
  A spectral orc (D:6)
434 creatures vanquished.

Vanquished Creatures (others)
  A two-headed ogre (D:8)
  A water moccasin (D:8)
  An orc warrior (D:8)
  A centaur (D:8)
  An orc priest (D:8)
  A shadow imp (D:8)
  2 orcs
  A fire vortex (Lair:1)
  12 fungi
  81 plants
102 creatures vanquished.

Grand Total: 536 creatures vanquished

Notes
Turn   | Place    | Note
-------+----------+-------------------------------------------
     0 | D:1      | robertstho the Minotaur Gladiator began the quest for the
                  | Orb.
     0 | D:1      | Reached XP level 1. HP: 18/18 MP: 0/0
   343 | D:1      | Reached XP level 2. HP: 25/25 MP: 1/1
   962 | D:1      | Reached skill level 1 in Armour
  1219 | D:1      | Reached XP level 3. HP: 24/30 MP: 2/2
  1376 | D:2      | Found a faded altar of an unknown god.
  1968 | D:3      | Found a glowing silver altar of Zin.
  2100 | D:3      | Found a bloodstained altar of Trog.
  2311 | D:3      | Reached XP level 4. HP: 38/38 MP: 3/3
  2333 | D:3      | Noticed Sigmund
  2346 | D:3      | Killed Sigmund
  2347 | D:3      | Reached skill level 5 in Long Blades
  2347 | D:3      | Reached skill level 3 in Armour
  2347 | D:3      | Reached XP level 5. HP: 11/46 MP: 4/4
  2581 | D:3      | Found a runed translucent gate.
  2584 | D:3      | Found a runed translucent gate.
  2585 | D:3      | Found an opulent altar of Gozag.
  2590 | D:3      | Found a runed translucent gate.
  2596 | D:3      | Noticed dickylongcocking's ghost (amateur DjFE)
  3071 | D:3      | Killed dickylongcocking's ghost
  3072 | D:3      | Reached XP level 6. HP: 25/52 MP: 5/5
  3082 | D:3      | Became a worshipper of Gozag Ym Sagoz the Greedy
  3369 | D:4      | Noticed Edmund
  3370 | D:4      | Noticed Natasha
  3451 | D:4      | Reached skill level 4 in Armour
  3498 | D:4      | Found a sand-covered staircase.
  3507 | D:4      | Reached skill level 5 in Armour
  3507 | D:4      | Reached XP level 7. HP: 54/60 MP: 6/6
  3511 | Ossuary  | Entered an ossuary
  3648 | Ossuary  | Reached skill level 1 in Short Blades
  3659 | Ossuary  | Reached skill level 5 in Fighting
  4020 | D:4      | Killed Natasha
  4136 | D:4      | Reached skill level 1 in Stealth
  4364 | D:4      | Found a shadowy altar of Dithmenos.
  4392 | D:4      | Noticed Natasha
  4401 | D:4      | Killed Natasha
  4402 | D:4      | Reached XP level 8. HP: 62/70 MP: 7/7
  4461 | D:4      | Found Notz's Weapon Emporium.
  4470 | D:4      | Bought a +2 scimitar of protection for 218 gold pieces
  4508 | D:4      | Reached skill level 6 in Armour
  4540 | D:4      | Noticed Natasha
  4545 | D:4      | Killed Natasha
  4601 | D:4      | Found a shimmering blue altar of Sif Muna.
  4602 | D:4      | Found an ancient bone altar of Kikubaaqudgha.
  4603 | D:4      | Found a radiant altar of Vehumet.
  4607 | D:4      | Identified Sif Muna's Tome of Transmutation
  4963 | D:5      | Entered Level 5 of the Dungeon
  5090 | D:5      | Reached skill level 7 in Armour
  5208 | D:5      | Noticed Duvessa
  5209 | D:5      | Noticed Dowan
  5250 | D:5      | Killed Duvessa
  5253 | D:5      | Killed Dowan
  5290 | D:5      | Found a stormy altar of Qazlal.
  5463 | D:5      | Reached skill level 1 in Shields
  5642 | D:5      | Reached XP level 9. HP: 78/79 MP: 8/8
  5737 | D:5      | Found a white marble altar of Elyvilon.
  5907 | D:5      | Reached skill level 8 in Armour
  6347 | D:6      | Found a staircase to the Ecumenical Temple.
  6663 | D:6      | Found a basalt altar of Yredelemnul.
  6746 | D:6      | Bought a glowing scarf for 224 gold pieces
  6819 | D:7      | Noticed Maggie
  6843 | D:7      | Noticed a two-headed ogre
  6847 | D:7      | Killed Maggie
  6848 | D:7      | Reached skill level 9 in Armour
  6851 | D:7      | Killed a two-headed ogre
  6852 | D:7      | Reached skill level 10 in Long Blades
  7261 | D:7      | Reached skill level 10 in Armour
  7342 | D:7      | Reached XP level 10. HP: 45/90 MP: 9/9
  7850 | D:8      | Killed a two-headed ogre
  7864 | D:8      | Noticed Erica
  7884 | D:8      | Noticed a two-headed ogre
  7889 | D:8      | Killed Erica
  7893 | D:8      | HP: 4/91 [poisoned by Erica (bolt of poison)]
  8216 | D:6      | Bought a pair of runed gloves for 210 gold pieces
  8261 | D:8      | Found a broken altar of Ashenzari.
  8345 | D:8      | Reached skill level 11 in Armour
  8355 | D:8      | Killed a two-headed ogre
  8473 | D:8      | Found a shimmering altar of Xom.
  8591 | D:8      | Noticed Pikel
  8608 | D:8      | Killed Pikel
  8730 | D:8      | Found a burning altar of Makhleb.
  8778 | D:8      | Noticed Maurice
  8864 | D:8      | Killed Maurice
  8865 | D:8      | Reached skill level 10 in Fighting
  9279 | D:9      | Noticed an elephant
  9289 | D:9      | Killed an elephant
  9290 | D:9      | Reached XP level 11. HP: 88/100 MP: 10/10
  9603 | D:9      | Reached skill level 12 in Armour
  9910 | D:9      | Found Opnon's Armour Shop.
 10074 | D:9      | Noticed a two-headed ogre
 10083 | D:9      | Killed a two-headed ogre
 10241 | D:9      | Found a staircase to the Lair.
 10846 | D:10     | Entered Level 10 of the Dungeon
 10878 | D:10     | Noticed a two-headed ogre
 10890 | D:10     | Killed a two-headed ogre
 11318 | D:10     | Found a large runed translucent door.
 11320 | D:10     | Found a large runed translucent door.
 11322 | D:10     | Noticed Atlas's ghost (journeyman DsIE)
 11554 | D:10     | Found a snail-covered altar of Cheibriados.
 11757 | D:10     | Found an ornate altar of the Wu Jian Council.
 11914 | D:11     | Reached skill level 13 in Armour
 12225 | D:11     | Found a staircase to the Orcish Mines.
 12569 | D:12     | Noticed a seven-headed hydra
 12913 | D:12     | Noticed a purple ugly thing
 12918 | D:12     | Reached skill level 5 in Shields
 12918 | D:12     | Reached XP level 12. HP: 108/111 MP: 11/11
 12937 | D:12     | Killed a two-headed hydra
 13508 | D:12     | Noticed a two-headed ogre
 13509 | D:12     | Noticed a two-headed ogre
 13523 | D:12     | Killed a two-headed ogre
 13524 | D:12     | Reached skill level 14 in Armour
 13525 | D:12     | Killed a two-headed ogre
 13815 | D:12     | Found Ukakus's Demolitions Depot.
 14061 | D:6      | Bought a runed scarf for 224 gold pieces
 14061 | D:6      | Bought a masterwork scale mail for 252 gold pieces
 14061 | D:6      | Identified the +3 scale mail of Plasticity {Fly Int+2} (You
                  | bought it in a shop on level 6 of the Dungeon)
 14174 | Lair:1   | Entered Level 1 of the Lair of Beasts
 15692 | Lair:2   | Noticed a seven-headed hydra
 15699 | Lair:2   | Killed a four-headed hydra
 15700 | Lair:2   | Reached skill level 5 in Dodging
 15765 | Lair:2   | Noticed Gastronok
 15778 | Lair:2   | Killed Gastronok
 15874 | Lair:2   | Reached skill level 15 in Armour
 15892 | Lair:2   | Reached XP level 13. HP: 112/122 MP: 12/12
 16633 | Lair:2   | Noticed Sonja
 16651 | Lair:2   | Killed Sonja
 17032 | Lair:3   | Found a transporter.
 17042 | Lair:3   | Noticed deadleaves's ghost (journeyman HuIE)
 17043 | Lair:3   | Found a transporter.
 17184 | Lair:3   | Found a burning altar of Makhleb.
 17577 | D:9      | Identified the +4 long sword "Jyjupt" {vorpal, rF- rN+
                  | rCorr Stlth+}
 17993 | D:9      | Identified the +8 rapier of Calculation {vorpal, +Rage rC-
                  | rN+}
 18477 | Lair:4   | Found a hole to the Spider Nest.
 18789 | Lair:4   | Noticed Snorg
 19166 | Lair:4   | Killed Snorg
 19969 | Lair:5   | You are sucked into a shaft and drop 1 floor!
 19969 | Lair:6   | Entered Level 6 of the Lair of Beasts
 20062 | Lair:6   | Reached skill level 16 in Armour
 20062 | Lair:6   | Reached skill level 1 in Evocations
 20092 | Lair:6   | Found a dark tunnel.
 20097 | Volcano  | Entered a volcano
 20860 | Volcano  | Reached skill level 5 in Short Blades
 20864 | Volcano  | Reached XP level 14. HP: 82/133 MP: 13/13
 20984 | Volcano  | HP: 4/133 [salamander/+2 glaive of flaming (7)]
 20986 | Volcano  | Annihilated by a salamander

Illustrated notes

Levels and vault maps discovered:
D:1:      sevenhm_arrival_forest_fort_small_5, layout_basic,
          grunt_decor_mini_mirrors
D:2:      layout_basic, hellmonk_ecumenical_altar_lost_god
D:3:      layout_loops_ring, zin_academy, amcnicky_altar_gilded,
          ebering_ghost_gozag, uniq_sigmund
D:4:      layout_cave_pools, grunt_temple_overflow_magic_moments,
          lemuel_tele_altar, serial_column_ruins, column_ruins_hut,
          column_ruins_hut_pillars, column_ruins_open_tiny,
          column_ruins_corridor_straight, column_ruins_corridor_straight,
          column_ruins_grid_1, serial_shops, nicolae_shop_trees,
          nicolae_ossuary_entry_catacombs, uniq_edmund, uniq_natasha
D:5:      cheibrodos_thug_alley, layout_basic, nicolae_overflow_crystal_walls,
          elyvilon_altar_5, uniq_duvessa
D:6:      layout_rooms, yredelemnul_forgotten_temple_becter,
          minmay_temple_entry_glass
D:7:      layout_rooms, uniq_maggie
D:8:      layout_basic, xom_confusion_cloud, nicolae_overflow_hidden_temple,
          lemuel_crystal_altar, uniq_pikel, uniq_erica, uniq_maurice
D:9:      wad_woods_tower, layout_stronghold, david_lair_shrubbed, serial_shops,
          kennysheep_little_box, hive_lemuel
D:10:     layout_irregular_city, marbit_many_paths, nzn_wu_jian_council_hall,
          serial_glass, glass_columns_c, glass_columns_b, glass_columns_c,
          glass_columns_b, glass_columns_a, glass_columns_b, glass_columns_c,
          glass_columns_b, feat_on_display, feat_on_display,
          ebering_ghost_disaster_area
D:11:     layout_cave_pools, orc_0_dummy
D:12:     layout_loops_cross, nicolae_blasting_shop
Lair:1:   layout_chaotic_city, grunt_forest_stairs_basic, lemuel_fruit_fields,
          lemuel_fruit_tree
Lair:2:   layout_roguey, uniq_sonja, uniq_gastronok
Lair:3:   layout_regular_city, minmay_swamp_entry_worms, nzn_ghost_randoct,
          lemuel_altar_in_water2
Lair:4:   layout_cave_pods, dummy_spider_entry, serial_bayou_lagoon_b,
          uniq_snorg
Lair:5:   layout_hall_layers, wad_woods_03, grunt_megastairs_2
Lair:6:   grunt_lair_end_beastmaster, layout_regular_city, slime_altar_1,
          enter_volcano_4, chequers_serial_rivers_room_a,
          kennysheep_basilisk_garden
Volcano:  pf_volcano_lost_world

Skill      XL: |  1  2  3  4  5  6  7  8  9 10 11 12 13 |
---------------+----------------------------------------+-----
Long Blades    | 4 5 6 7 9 10 12 13 14 | 14.9
Armour         | 1 3 5 7 10 11 13 15 16 | 16.1
Fighting       | 3 4 5 7 8 10 11 13 14 | 14.6
Dodging        | 4 5 |  5.8
Short Blades   | 1 5 |  5.3
Stealth        | 1 2 |  2.4
Shields        | 1 2 3 5 6 |  6.4
Evocations     | 1 |  1.4
Throwing       | |  2.0

Action                   |  1- 3 |  4- 6 |  7- 9 | 10-12 | 13-15 || total
-------------------------+-------+-------+-------+-------+-------++-------
Melee: Long sword        |   109 |    52 |   166 |       |       ||   327
       Headbutt          |    19 |    15 |    83 |   159 |    83 ||   359
       Rapier            |       |    13 |       |       |   232 ||   245
       Scimitar          |       |       |   215 |   598 |   149 ||   962
Invok: Call Merchant     |       |       |     1 |     1 |       ||     2
       Potion Petition   |       |       |       |       |     1 ||     1
 Abil: Evoke Berserk Rag |       |       |       |       |     5 ||     5
       Evoke Invisibilit |       |       |       |       |     2 ||     2
Evoke: Tin of tremorston |       |       |       |     2 |       ||     2
       Wand              |       |       |       |       |     1 ||     1
  Use: Potion            |       |     2 |     3 |     3 |     3 ||    11
       Scroll            |       |     4 |     5 |    12 |     6 ||    27
 Stab: Distracted        |       |       |     1 |     6 |       ||     7
       Invisible         |       |       |       |       |     2 ||     2
Armor: Leather armour    |    13 |       |       |       |       ||    13
       Ring mail         |    43 |       |       |       |       ||    43
       Plate armour      |     1 |    31 |   243 |   439 |    32 ||   746
       Scale mail        |       |       |       |       |   142 ||   142
Dodge: Dodged            |    82 |    16 |   130 |   217 |   164 ||   609
Block: Buckler           |       |       |    26 |   133 |    92 ||   251
       Rpst.: Long sword |    20 |     3 |    15 |       |       ||    38
       Scimitar          |       |       |    19 |    41 |    21 ||    81

Table legend: (Time is in decaauts)
 A = Elapsed time spent in this place.
 B = Non-inter-level travel time spent in this place.
 C = Inter-level travel time spent in this place.
 D = Time resting spent in this place.
 E = Time spent auto-exploring this place.
 F = Levels seen in this place.
 G = Mean time per level.
                   A        B        C        D        E       F      G
               +--------+--------+--------+--------+--------+-----+--------+
         Total |  20861 |  19448 |   1413 |   1010 |  15310 |  20 | 1043.1 |
       Dungeon |  14146 |  12970 |   1176 |    618 |  10187 |  12 | 1178.8 |
          Lair |   5377 |   5141 |    236 |    250 |   4240 |   6 |  896.2 |
       Ossuary |    454 |    454 |      0 |      0 |    292 |   1 |  454.0 |
       Volcano |    882 |    882 |      0 |    142 |    591 |   1 |  882.0 |
               +--------+--------+--------+--------+--------+-----+--------+

Top non-repeatable levels by time:
     D:9: 2364 daAuts
  Lair:4: 1560 daAuts
  Lair:1: 1523 daAuts
     D:3: 1443 daAuts
    D:12: 1332 daAuts
     D:1: 1329 daAuts
  Lair:2: 1309 daAuts
     D:5: 1121 daAuts
     D:7: 1109 daAuts
     D:4: 1098 daAuts
     D:6: 1098 daAuts
    D:10: 1040 daAuts
     D:8: 977 daAuts
 Volcano: 882 daAuts
     D:2: 655 daAuts
